 Dungeon Crawl Stone Soup version 0.21.1-1-g345015fe64 (webtiles) character file.

658 Elmor the Chopper (level 7, -4/52 HPs)
             Began as a Demonspawn Gladiator on Mar 30, 2018.
             Was a Follower of Makhleb.
             Killed by divine providence
             ... invoked by an orc priest
              (11 damage)
             ... on level 4 of the Dungeon.
             The game lasted 00:13:46 (2635 turns).

Elmor the Chopper (Demonspawn Gladiator)            Turns: 2635, Time: 00:13:47

Health: -4/52      AC:  8    Str: 16    XL:     7   Next: 29%
Magic:  7/7        EV: 18    Int: 12    God:    Makhleb [*.....]
Gold:   129        SH:  0    Dex: 17    Spells: 6/6 levels left

rFire    . . .     SeeInvis .   a - +1 war axe
rCold    . . .     Gourm    .   (no shield)
rNeg     . . .     Faith    .   b - +1 leather armour
rPois    .         Spirit   .   i - +1 helmet {Int+3}
rElec    .         Reflect  .   (no cloak)
rCorr    .         Harm     .   g - +0 pair of gloves
MR       .....                  s - +0 pair of boots
Stlth    ++........             (no amulet)
HPRegen  0.17/turn              m - +4 ring of evasion
MPRegen  0.10/turn              (no ring)

@: no status effects
A: thin skeletal structure 1, spiny 1
a: Renounce Religion


You were on level 4 of the Dungeon.
You worshipped Makhleb.
Makhleb was aware of your devotion.
You were not hungry.

You visited 1 branch of the dungeon, and saw 4 of its levels.

You collected 129 gold pieces.

Inventory:

Hand Weapons
 a - a +1 war axe (weapon)
Missiles
 d - 3 throwing nets (quivered)
Armour
 b - a +1 leather armour (worn)
 c - a +0 helmet
 g - a +0 pair of gloves (worn)
 i - a +1 helmet of intelligence (worn)
 s - a +0 pair of boots (worn)
Jewellery
 m - a +4 ring of evasion (left hand)
Wands
 j - a wand of polymorph (12)
 o - a wand of clouds (8)
 q - a wand of paralysis (12)
Scrolls
 e - 4 scrolls of identify
 l - 2 scrolls of enchant armour
Potions
 h - a potion of mutation {unknown}
 k - a potion of curing
Comestibles
 f - 5 rations
 n - 2 chunks of flesh


   Skills:
 + Level 3.2 Fighting
 + Level 6.1 Axes
 + Level 1.9 Throwing
 + Level 1.9 Armour
 + Level 4.0 Dodging
 + Level 1.2 Stealth


You had 6 spell levels left.
You didn't know any spells.

Dungeon Overview and Level Annotations

Branches:
Dungeon (4/15)
 Temple: D:4-7

Altars:
Ashenzari
Fedhas
Makhleb
Okawaru
Ru
Uskayaw
Wu Jian
The Shining One


Innate Abilities, Weirdness & Mutations

You have a somewhat thin skeletal structure. (Dex +2, Stealth)
You are partially covered in sharp spines.


Message History

* * * LOW HITPOINT WARNING * * *
The orc wizard points at you and mumbles some strange words.
You resist with some effort.
You hit the orc wizard.
The orc wizard is heavily wounded.
The orc wizard barely misses you.
The orc wizard is struck by your spines.
The orc wizard hits you but does no damage.
You barely miss the orc wizard.
The orc wizard is heavily wounded.
The orc wizard points at you and mumbles some strange words.
The magic dart hits you!
* * * LOW HITPOINT WARNING * * *
The orc priest casts a cantrip, but nothing happens.
The orc wizard closely misses you.
You hit the orc wizard.
The orc wizard is severely wounded.
The orc priest invokes the aid of Beogh against you.
Beogh smites you!
You die...

#.# #.#.# #.#
#.#.# #.# #.#.# #
###.# #.# #. #...#
#.# #..#######.#.#
.# #.....hh.._..#
#
......h###.#####.#
........#
......h######.####
....... #.########
####### #.(.......
##########


You could see an orc priest, an orc wizard, an orc and 2 jackals.

Vanquished Creatures
  A phantom (D:4)
  The ghost of Alannah the Ducker, an amateur DsMo (D:3)
  A scorpion (D:4)
  2 hounds (D:4)
  2 orc wizards
  An orc priest (D:4)
  A centaur skeleton (D:4)
  A worker ant (D:4)
  Robin (D:3)
  2 gnolls (D:1)
  9 adders
  A shadow imp (D:3)
  3 adder skeletons (D:4)
  5 worms
  2 dart slugs
  A leopard gecko (D:2)
  9 orcs
  10 giant cockroaches (D:2)
  14 goblins
  9 hobgoblins
  2 jackals (D:3)
  10 kobolds
  8 bats
  3 frilled lizards
  3 rats
102 creatures vanquished.

Notes
Turn   | Place    | Note
-------+----------+-------------------------------------------
     0 | D:1      | Elmor the Demonspawn Gladiator began the quest for the Orb.
     0 | D:1      | Reached XP level 1. HP: 16/16 MP: 1/1
   150 | D:1      | Reached skill level 3 in Axes
   150 | D:1      | Gained mutation: You have a somewhat thin skeletal structure. (Dex +2, Stealth) [demonic ancestry]
   150 | D:1      | Reached XP level 2. HP: 10/22 MP: 2/2
   384 | D:1      | Reached XP level 3. HP: 28/28 MP: 3/3
  1184 | D:2      | Found a glowing golden altar of the Shining One.
  1188 | D:2      | Reached XP level 4. HP: 30/34 MP: 4/4
  1633 | D:2      | Reached skill level 1 in Armour
  1737 | D:3      | Found a shattered altar of Ashenzari.
  1758 | D:3      | Reached skill level 4 in Axes
  1927 | D:3      | Found a burning altar of Makhleb.
  1944 | D:3      | Became a worshipper of Makhleb the Destroyer
  1975 | D:3      | Noticed Alannah's ghost (amateur DsMo)
  1986 | D:3      | Killed Alannah's ghost
  1986 | D:3      | Reached XP level 5. HP: 35/39 MP: 5/5
  2220 | D:3      | Noticed Robin
  2268 | D:3      | Gained mutation: You are partially covered in sharp spines. [demonic ancestry]
  2268 | D:3      | Reached XP level 6. HP: 46/46 MP: 6/6
  2272 | D:3      | Killed Robin
  2272 | D:3      | Reached skill level 5 in Axes
  2412 | D:4      | Found a hide-covered altar of Uskayaw.
  2412 | D:4      | Found an ornate altar of the Wu Jian Council.
  2412 | D:4      | Found a sacrificial altar of Ru.
  2412 | D:4      | Found a blossoming altar of Fedhas.
  2486 | D:4      | Reached * piety under Makhleb
  2486 | D:4      | Reached skill level 1 in Stealth
  2492 | D:4      | Reached XP level 7. HP: 35/52 MP: 7/7
  2588 | D:4      | Found an iron altar of Okawaru.
  2625 | D:4      | Reached skill level 6 in Axes
  2635 | D:4      | Killed from afar by an orc priest

Skill      XL: |  1  2  3  4  5  6  7 |
---------------+----------------------+-----
Axes           | 3 4 5 6 |  6.1
Dodging        | 3 4 |  4.0
Armour         | 1 |  1.9
Fighting       | 3 |  3.2
Stealth        | 1 |  1.2
Throwing       | |  1.9

Action                   |  1- 3 |  4- 6 |  7- 9 || total
-------------------------+-------+-------+-------++-------
Melee: War axe           |    74 |   159 |    32 ||   265
  Use: Scroll            |       |     6 |       ||     6
       Potion            |       |     3 |       ||     3
 Stab: Sleeping          |     2 |     2 |       ||     4
  Eat: Chunk             |     1 |     4 |     1 ||     6
Armor: Leather armour    |    34 |    42 |    11 ||    87
       Skin              |       |    19 |       ||    19
Dodge: Dodged            |    76 |   128 |    17 ||   221
